 Dungeon Crawl Stone Soup version 0.30-a0-946-gec5dcfc036 (webtiles) character file.

Game seed: 4987812822526736019

75 2tousent the Chiller (level 4, 0/32 HPs)
             Began as a Demonspawn Ice Elementalist on Mar 26, 2023.
             Was a Follower of Jiyva.
             Killed by divine providence
             ... invoked by an orc priest
              (10 damage)
             ... on level 3 of the Dungeon.
             The game lasted 00:02:36 (2066 turns).

2tousent the Chiller (Demonspawn Ice Elementalist)  Turns: 2066, Time: 00:02:36

Health: 0/32       AC:  8    Str:  8    XL:     4   Next: 11%
Magic:  1/8        EV: 12    Int: 19    God:    Jiyva [*.....]
Gold:   66         SH:  0    Dex: 13    Spells: 1/8 levels left

rFire   . . .      SeeInvis .    j - +0 dagger
rCold   . . .      Faith    .    (no shield)
rNeg    . . .      Spirit   .    a - +0 robe
rPois   .          Reflect  .    (no helmet)
rElec   .          Rampage  .    (no cloak)
rCorr   .                        (no gloves)
Will    .....                    (no boots)
Stlth   ++                       (no amulet)
HPRegen 1.05/turn                (no ring)
MPRegen 0.47/turn                (no ring)

@: ice-armoured, very slightly contaminated, invisible
A: magic regeneration
a: Renounce Religion


You were on level 3 of the Dungeon.
You worshipped Jiyva.
Jiyva was aware of your devotion.
You visited 1 branch of the dungeon, and saw 3 of its levels.

You collected 66 gold pieces.

Inventory:

Hand Weapons
 j - a +0 dagger (weapon)
Armour
 a - a +0 robe (worn)
Jewellery
 i - a ring of flight
Scrolls
 h - a scroll of fear
Potions
 b - a potion of magic
 c - 2 potions of brilliance
 d - a potion of invisibility
 e - 2 potions of mutation {unknown}
 f - 2 potions of curing {unknown}
 g - a potion of degeneration {unknown}
 k - 3 potions of flight {unknown}
 m - 2 potions of might {unknown}
 o - a potion of cancellation {unknown}


   Skills:
 + Level 1.6 Fighting
 - Level 1.7 Dodging
 - Level 1.7 Stealth
 + Level 2.6 Spellcasting
 * Level 4.4 Ice Magic


You had one spell level left.
You knew the following spells:

 Your Spells              Type           Power      Damage    Failure   Level
a - Freeze                Ice            76%        1d8       2%          1
b - Ozocubu's Armour      Ice            19%        N/A       8%          3
c - Frozen Ramparts       Ice            38%        1d6       8%          3

Your spell library contained the following spells:

 Spells                   Type           Power      Damage    Failure   Level
 Summon Ice Beast         Ice/Summ       11%        N/A       54%         4


Dungeon Overview and Level Annotations

Branches:
Dungeon (3/15)

Altars:
Jiyva


Innate Abilities, Weirdness & Mutations

You regenerate magic rapidly.


Message History

m - 2 smoky sapphire potions (gained 1) Jiyva says: Divide and consume!
There are monsters nearby!
You hear a distant slurping noise.
Casting: Freeze (safe; 2% risk of failure)
Confirm with . or Enter, or press ? or * to list all spells.
The spell is quite dangerous to miscast (8% risk of failure)!
Continue anyway?
A film of ice covers your body!
Casting: Ozocubu's Armour (quite dangerous; 8% risk of failure)
Confirm with . or Enter, or press ? or * to list all spells.
The spell is quite dangerous to miscast (8% risk of failure)!
Continue anyway?
Your icy armour thickens.
The orc priest hits you with a +0 short sword.
Casting: Ozocubu's Armour (quite dangerous; 8% risk of failure)
Confirm with . or Enter, or press ? or * to list all spells.
The spell is quite dangerous to miscast (8% risk of failure)!
Continue anyway?
You miscast Ozocubu's Armour.
You are very lightly contaminated with residual magic.
Nothing appears to happen.
The orc priest mumbles some strange prayers to Beogh against you.
Beogh smites you!
Unknown command.
Casting: Ozocubu's Armour (quite dangerous; 8% risk of failure)
Confirm with . or Enter, or press ? or * to list all spells.
You don't have enough magic to cast this spell.
Unknown command.
You hit the orc priest.
The orc priest is lightly wounded.
The orc priest invokes the aid of Beogh against you.
Beogh smites you!
* * * LOW HITPOINT WARNING * * *
You hear a distant slurping noise.
You barely miss the orc priest.
The orc priest is lightly wounded.
It was a potion of invisibility.
You fade into invisibility!
You hear a distant slurping noise.
The orc priest invokes the aid of Beogh against you.
Beogh smites you!
You die...

#.# #.#*#oo$###.#.....# *,,
#.# #.##.....##.#.#...####
*,, #.#
#.#.......#..........# *,,
#.#
#,#.8..o8.#.#..#####.#####..
#.#
*,#....ooo#.#..#####..<.....
#.#
*,#.......#.................
#.#
*,#.......#.#...#.##........
#.#
*.#.8...8.#.#.<.#.##.#####..
#.###.#.......#@.........#
*,.
#.##.........ooo#.....####
*,, #.##.####...##.#....#.#
*,, #.##.#####.####.......#
*,, #.##.##........###.####
**, #.##.##..#..##.###.# **,
#.##.##..#.........# *,,
#..........###.##### **,*
########.#####.# *******,,,


You could see an orc priest (unable to see you) and 2 orcs.

Vanquished Creatures
  2 adders (D:2)
  A worm (D:2)
  A dart slug (D:2)
  An endoplasm (D:2)
  3 giant cockroaches
  5 goblins
  7 hobgoblins
  4 jackals (D:1)
  3 quokkas
  5 ball pythons
  2 bats (D:2)
  3 frilled lizards
  8 kobolds
  4 rats
49 creatures vanquished.

Vanquished Creatures (others)
  A bat (D:2)
  An endoplasm (D:3)
  4 goblins (D:3)
  A rat (D:3)
7 creatures vanquished.

Grand Total: 56 creatures vanquished

Notes
Turn   | Place    | Note
-------+----------+-------------------------------------------
     0 | D:1      | 2tousent the Demonspawn Ice Elementalist began the quest
                  | for the Orb.
     0 | D:1      | Reached XP level 1. HP: 13/13 MP: 3/3
   285 | D:1      | Gained mutation: You regenerate magic rapidly. [demonic
                  | ancestry]
   285 | D:1      | Reached XP level 2. HP: 20/20 MP: 1/5
   728 | D:1      | Reached skill level 4 in Ice Magic
   738 | D:1      | Reached skill level 1 in Fighting
  1285 | D:2      | Reached XP level 3. HP: 13/26 MP: 0/6
  1457 | D:2      | Learned a level 3 spell: Ozocubu's Armour
  1461 | D:2      | Learned a level 3 spell: Frozen Ramparts
  1509 | D:2      | Found a faded altar of an unknown god.
  1520 | D:2      | Prayed at the altar of an unknown god.
  1520 | D:2      | Became a worshipper of Jiyva Jayloida the Shapeless
  1520 | D:2      | Reached * piety under Jiyva
  1716 | D:2      | Reached XP level 4. HP: 27/32 MP: 3/7
  2066 | D:3      | Killed from afar by an orc priest

Illustrated notes

Levels and vault maps discovered:
D:1:      amcnicky_arrival_single_pillar, layout_loops_corners, serial_forest,
          infiniplex_forest_clump_double, infiniplex_forest_clump_small,
          infiniplex_forest_clump_double, infiniplex_forest_lined_2,
          infiniplex_forest_clump_large, infiniplex_forest_lined_3,
          infiniplex_forest_lined_ring, infiniplex_forest_clump_double,
          infiniplex_forest_zigzag_2, minmay_misc_feat_five
D:2:      layout_loops_ring, basic_altar, basic_ecumenical_altar
D:3:      cheibrodos_pilgrimage, layout_loops_cross, kennysheep_generic_room_6,
          uniq_robin, uniq_grinder

Skill      XL: |  1  2 |
---------------+-------+-----
Ice Magic      | 4 |  4.4
Fighting       | 1 |  1.6
Dodging        | |  1.7
Stealth        | |  1.7
Spellcasting   | |  2.6

Action                     |  1- 3 |  4- 6 || total
---------------------------+-------+-------++-------
  Melee: Unarmed           |    16 |       ||    16
         Dagger            |    17 |     4 ||    21
         Punch             |     2 |       ||     2
   Cast: Freeze            |    67 |     3 ||    70
         Ozocubu's Armour  |       |     2 ||     2
    Use: Scroll            |     5 |     1 ||     6
         Potion            |       |     1 ||     1
   Stab: Sleeping          |       |     1 ||     1
 Armour: Robe              |     7 |       ||     7
  Dodge: Dodged            |    53 |     3 ||    56

Table legend: (Time is in decaauts)
 A = Elapsed time spent in this place.
 B = Non-inter-level travel time spent in this place.
 C = Inter-level travel time spent in this place.
 D = Time resting spent in this place.
 E = Time spent auto-exploring this place.
 F = Levels seen in this place.
 G = Mean time per level.
                   A        B        C        D        E       F      G
               +--------+--------+--------+--------+--------+-----+--------+
         Total |   2065 |   2010 |     55 |     32 |   1691 |   3 |  688.3 |
       Dungeon |   2065 |   2010 |     55 |     32 |   1691 |   3 |  688.3 |
               +--------+--------+--------+--------+--------+-----+--------+

Top non-repeatable levels by time:
     D:1: 1180 daAuts
     D:2: 773 daAuts
     D:3: 110 daAuts
